DBL
OAKLAND ATHLETICS @ LOS ANGELES DODGERS
05/12/1997
 
TOP OF THE 1ST
Oakland Athletics batting - Pitching for Los Angeles Dodgers : RHP Ramiro Mendoza
Pitching: RHP Ramiro Mendoza
Batting: RHB Rickey Henderson 0-0: Ball
1-0: Ball
2-0: Called Strike
2-1: Foul Ball, location: 2F
2-2: Fly out, F7 (Flyball, 7S, EV 88.1 MPH)
Batting: LHB John Olerud 0-0: Ball
1-0: Ball
2-0: Ground out U3 (Groundball, 34, EV 98.8 MPH)
Batting: SHB Geronimo Pena 0-0: Called Strike
0-1: Foul Ball, location: 2F
0-2: Foul Ball, location: 2F
0-2: Ball
1-2: Foul Ball, location: 2F
1-2: Foul Ball, location: 2F
1-2: Strikes out looking
Top of the 1st over - 0 runs, 0 hits, 0 errors, 0 left on base; Oakland 0 - Los Angeles 0
BOTTOM OF THE 1ST
Los Angeles Dodgers batting - Pitching for Oakland Athletics : RHP Todd Van Poppel
Pitching: RHP Todd Van Poppel
Batting: RHB Brian L Hunter 0-0: Swinging Strike
0-1: Foul Ball, location: 2F
0-2: Foul Ball, location: 2F
0-2: Ball
1-2: Fly out, F8 (Flyball, 8LD, EV 95.0 MPH)
Batting: LHB Ryan Klesko 0-0: Ball
1-0: Called Strike
1-1: Ball
2-1: Ball
3-1: Called Strike
3-2: Ground out 5-3 (Groundball, 56S, EV 86.3 MPH)
Batting: LHB Rafael Palmeiro 0-0: Swinging Strike
0-1: Swinging Strike
0-2: Ball
1-2: Foul Ball, location: 2F
1-2: Ball
2-2: Foul Ball, location: 2F
2-2: Foul Ball, location: 2F
2-2: Fly out, F5 (Line Drive, 5, EV 71.9 MPH)
Bottom of the 1st over - 0 runs, 0 hits, 0 errors, 0 left on base; Oakland 0 - Los Angeles 0
TOP OF THE 2ND
Oakland Athletics batting - Pitching for Los Angeles Dodgers : RHP Ramiro Mendoza
Batting: RHB Jay Buhner 0-0: Ball
1-0: Called Strike
1-1: Ball
2-1: Foul Ball, location: 2F
2-2: Fly out, F8 (Flyball, 8LM, EV 93.1 MPH)
Batting: LHB David Justice 0-0: Foul Ball, location: 2F
0-1: Swinging Strike
0-2: Ball
1-2: Fly out, F9 (Flyball, 9LMF, EV 106.9 MPH)
Batting: RHB Benito Santiago 0-0: Ground out 4-3 (Groundball, 4, EV 85.0 MPH)
Top of the 2nd over - 0 runs, 0 hits, 0 errors, 0 left on base; Oakland 0 - Los Angeles 0
BOTTOM OF THE 2ND
Los Angeles Dodgers batting - Pitching for Oakland Athletics : RHP Todd Van Poppel
Batting: RHB Chris Brown 0-0: Ball
1-0: Ball
2-0: Foul Ball, location: 2F
2-1: Called Strike
2-2: Strikes out looking
Batting: LHB Derrick May 0-0: Ball
1-0: Fly out, F9 (Flyball, 9S, EV 89.4 MPH)
Batting: RHB Torii Hunter 0-0: Called Strike
0-1: Foul Ball, location: 2F
0-2: Ground out 5-3 (Groundball, 56S, EV 77.5 MPH)
Bottom of the 2nd over - 0 runs, 0 hits, 0 errors, 0 left on base; Oakland 0 - Los Angeles 0
TOP OF THE 3RD
Oakland Athletics batting - Pitching for Los Angeles Dodgers : RHP Ramiro Mendoza
Batting: RHB Herbert Perry 0-0: Ball
1-0: Ball
2-0: Swinging Strike
2-1: Foul Ball, location: 2F
2-2: Foul Ball, location: 2F
2-2: Strikes out swinging
Batting: SHB Devon White 0-0: Foul Ball, location: 2F
0-1: Ball
1-1: Ball
2-1: Ball
3-1: Called Strike
3-2: Base on Balls
Batting: RHB Greg Litton 0-0: Ball
1-0: Ball
2-0: Grounds into double play, 6-4-3 (Groundball, 6, EV 91.3 MPH)
Top of the 3rd over - 0 runs, 0 hits, 0 errors, 0 left on base; Oakland 0 - Los Angeles 0
BOTTOM OF THE 3RD
Los Angeles Dodgers batting - Pitching for Oakland Athletics : RHP Todd Van Poppel
Batting: SHB Jerry Browne 0-0: Ball
1-0: Ground out 4-3 (Groundball, 4, EV 80.0 MPH)
Batting: RHB Homer Bush 0-0: Called Strike
0-1: Ground out 4-3 (Groundball, 34, EV 106.3 MPH)
Batting: SHB Jason Varitek 0-0: Ball
1-0: Called Strike
1-1: Ground out 4-3 (Groundball, 4, EV 103.1 MPH)
Bottom of the 3rd over - 0 runs, 0 hits, 0 errors, 0 left on base; Oakland 0 - Los Angeles 0
TOP OF THE 4TH
Oakland Athletics batting - Pitching for Los Angeles Dodgers : RHP Ramiro Mendoza
Batting: RHB Rickey Henderson 0-0: Called Strike
0-1: Swinging Strike
0-2: Ball
1-2: Fly out, F4 (Popup, 3S, EV 86.9 MPH)
Batting: LHB John Olerud 0-0: Ball
1-0: SINGLE (Line Drive, 9S, EV 98.1 MPH)
Batting: SHB Geronimo Pena 0-0: Ball
1-0: Fielders Choice at 2nd, 4-6 (Groundball, 4, EV 83.1 MPH)
Batting: RHB Jay Buhner 0-0: Ball
Geronimo Pena steals 2nd base
1-0: Ball
2-0: Ball
3-0: Base on Balls
Batting: LHB David Justice 0-0: Ball
1-0: Ball
2-0: Fielders Choice at 2nd, U4 (Groundball, 4M, EV 103.1 MPH)
Top of the 4th over - 0 runs, 1 hit, 0 errors, 2 left on base; Oakland 0 - Los Angeles 0
BOTTOM OF THE 4TH
Los Angeles Dodgers batting - Pitching for Oakland Athletics : RHP Todd Van Poppel
Batting: RHB Brian L Hunter 0-0: Called Strike
0-1: Ball
1-1: Foul Ball, location: 2F
1-2: Foul Ball, location: 2F
1-2: Ground out U3 (Groundball, 34, EV 103.1 MPH)
Batting: LHB Ryan Klesko 0-0: Foul Ball, location: 2F
0-1: Ball
1-1: Ball
2-1: Ball
3-1: Ground out U3 (Groundball, 34, EV 78.1 MPH)
Batting: LHB Rafael Palmeiro 0-0: Called Strike
0-1: Ball
1-1: Ball
2-1: Called Strike
2-2: Ball
3-2: Foul Ball, location: 2F
3-2: Base on Balls
Batting: RHB Chris Brown 0-0: Called Strike
0-1: Ball
1-1: Ball
2-1: Foul Ball, location: 2F
2-2: Foul Ball, location: 2F
2-2: Ball
3-2: Ground out 6-3 (Groundball, 56, EV 96.9 MPH)
Bottom of the 4th over - 0 runs, 0 hits, 0 errors, 1 left on base; Oakland 0 - Los Angeles 0
TOP OF THE 5TH
Oakland Athletics batting - Pitching for Los Angeles Dodgers : RHP Ramiro Mendoza
Batting: RHB Benito Santiago 0-0: Ball
1-0: Ground out 2-3 (Groundball, 15S, EV 65.0 MPH)
Batting: RHB Herbert Perry 0-0: Foul Ball, location: 2F
0-1: Ball
1-1: Ball
2-1: Swinging Strike
2-2: Foul Ball, location: 2F
2-2: Ball
3-2: Foul Ball, location: 2F
3-2: Foul Ball, location: 2F
3-2: Foul Ball, location: 2F
3-2: Foul Ball, location: 2F
3-2: Fly out, F8 (Line Drive, 8RD, EV 87.5 MPH)
Batting: SHB Devon White 0-0: DOUBLE (Flyball, 8RXD, EV 98.8 MPH)
Batting: RHB Greg Litton 0-0: Ball
1-0: Foul Ball, location: 2F
1-1: Fly out, F4 (Line Drive, 4, EV 69.4 MPH)
Top of the 5th over - 0 runs, 1 hit, 0 errors, 1 left on base; Oakland 0 - Los Angeles 0
BOTTOM OF THE 5TH
Los Angeles Dodgers batting - Pitching for Oakland Athletics : RHP Todd Van Poppel
Batting: LHB Derrick May 0-0: SINGLE (Line Drive, 6MD, EV 96.9 MPH)
Batting: RHB Torii Hunter 0-0: Ball
1-0: Called Strike
1-1: Called Strike
1-2: Strikes out looking
Batting: SHB Jerry Browne 0-0: Ball
Wild Pitch!
Derrick May to second
1-0: Foul Ball, location: 2F
1-1: Called Strike
1-2: DOUBLE (Groundball, 5L, EV 101.9 MPH)
Derrick May scores
Batting: RHB Homer Bush 0-0: SINGLE (Groundball, 6, EV 107.5 MPH) (infield hit)
Jerry Browne to third
Batting: SHB Jason Varitek 0-0: Ball
1-0: Foul Ball, location: 2F
1-1: Ball
2-1: Grounds into double play, 4-6-3 (Groundball, 4, EV 80.6 MPH)
Bottom of the 5th over - 1 run, 3 hits, 0 errors, 1 left on base; Oakland 0 - Los Angeles 1
TOP OF THE 6TH
Oakland Athletics batting - Pitching for Los Angeles Dodgers : RHP Ramiro Mendoza
Batting: RHB Rickey Henderson 0-0: Called Strike
0-1: Called Strike
0-2: Ball
1-2: Fly out, F7 (Line Drive, 7, EV 109.4 MPH)
Batting: LHB John Olerud 0-0: Ball
1-0: Called Strike
1-1: Bunt missed!
1-2: Foul Ball, location: 2F
1-2: Hit by Pitch
Pitching: LHP Bill Wilkinson
Batting: SHB Geronimo Pena 0-0: Ball
1-0: Fly out, F9 (Flyball, 89D, EV 101.9 MPH)
Batting: RHB Jay Buhner 0-0: Ball
1-0: Called Strike
1-1: Fielders Choice at 2nd, 6-4 (Groundball, 6, EV 86.3 MPH)
Top of the 6th over - 0 runs, 0 hits, 0 errors, 1 left on base; Oakland 0 - Los Angeles 1
BOTTOM OF THE 6TH
Los Angeles Dodgers batting - Pitching for Oakland Athletics : RHP Todd Van Poppel
Batting: RHB Brian L Hunter 0-0: Called Strike
0-1: Ball
1-1: Ball
2-1: Ground out 6-3 (Groundball, 56, EV 80.0 MPH)
Batting: LHB Ryan Klesko 0-0: Foul Ball, location: 2F
0-1: Foul Ball, location: 2F
0-2: Strikes out swinging
Batting: LHB Rafael Palmeiro 0-0: Ball
1-0: Fly out, F8 (Flyball, 8LXD, EV 89.4 MPH)
Bottom of the 6th over - 0 runs, 0 hits, 0 errors, 0 left on base; Oakland 0 - Los Angeles 1
TOP OF THE 7TH
Oakland Athletics batting - Pitching for Los Angeles Dodgers : LHP Bill Wilkinson
Batting: LHB David Justice 0-0: Called Strike
0-1: SINGLE (Groundball, 4D, EV 94.4 MPH)
Batting: RHB Benito Santiago 0-0: Ball
1-0: Swinging Strike
1-1: Ball
2-1: Fly out, F7 (Flyball, 7LM, EV 110.6 MPH)
Batting: RHB Herbert Perry 0-0: Called Strike
0-1: Hit by Pitch
David Justice to second
Batting: SHB Devon White 0-0: Ball
David Justice steals 3rd base
Herbert Perry to second
1-0: Swinging Strike
1-1: Foul Ball, location: 2F
1-2: Strikes out looking
Batting: RHB Greg Litton 0-0: Ball
1-0: Ball
2-0: Fly out, F6 (Popup, 6S, EV 66.9 MPH)
Top of the 7th over - 0 runs, 1 hit, 0 errors, 2 left on base; Oakland 0 - Los Angeles 1
BOTTOM OF THE 7TH
Los Angeles Dodgers batting - Pitching for Oakland Athletics : RHP Todd Van Poppel
Batting: RHB Chris Brown 0-0: Ball
1-0: Ball
2-0: Called Strike
2-1: Foul Ball, location: 2F
2-2: Foul Ball, location: 2F
2-2: Foul Ball, location: 2F
2-2: Ball
3-2: Base on Balls
Batting: LHB Derrick May 0-0: Fly out, F8 (Flyball, 78D, EV 92.5 MPH)
Batting: RHB Torii Hunter 0-0: Called Strike
0-1: Ball
1-1: Ball
2-1: Single, Error in OF, E7, batter to second base (Line Drive, 78S, EV 113.1 MPH)
Chris Brown to third
Batting: SHB Jerry Browne 0-0: Called Strike
0-1: Ball
1-1: Called Strike
1-2: Strikes out swinging
Batting: RHB Homer Bush 0-0: Ball
1-0: SINGLE (Groundball, 34D, EV 94.4 MPH)
Chris Brown scores
Torii Hunter to third
Runner from 3rd tries for Home, SAFE, throw by RF to home
Batting: SHB Jason Varitek 0-0: Foul Ball, location: 2F
0-1: Called Strike
0-2: Ball
Homer Bush steals 2nd base
1-2: Foul Ball, location: 2F
1-2: Fly out, F5 (Popup, 5SF, EV 71.3 MPH)
Bottom of the 7th over - 2 runs, 2 hits, 1 error, 1 left on base; Oakland 0 - Los Angeles 3
TOP OF THE 8TH
Oakland Athletics batting - Pitching for Los Angeles Dodgers : LHP Bill Wilkinson
Now at 3B: Joe Randa
Batting: RHB Rickey Henderson 0-0: Called Strike
0-1: Ball
1-1: Foul Ball, location: 2F
1-2: Foul Ball, location: 2F
1-2: Strikes out swinging
Batting: LHB John Olerud 0-0: Called Strike
0-1: Bunt missed!
0-2: Ground out 6-3 (Groundball, 6, EV 102.5 MPH)
Batting: SHB Geronimo Pena 0-0: Swinging Strike
0-1: Ball
1-1: Ball
2-1: Ball
3-1: Ground out 3-1 (Groundball, 34, EV 93.8 MPH)
Top of the 8th over - 0 runs, 0 hits, 0 errors, 0 left on base; Oakland 0 - Los Angeles 3
BOTTOM OF THE 8TH
Los Angeles Dodgers batting - Pitching for Oakland Athletics : RHP Todd Van Poppel
Batting: RHB Brian L Hunter 0-0: Reached on error, E6 (Line Drive, 6, EV 64.4 MPH)
Pitching: RHP Ramon A. Garcia
Batting: LHB Ryan Klesko 0-0: Ball
1-0: Ball
2-0: Foul Ball, location: 2F
2-1: Ball
3-1: Base on Balls
Brian L Hunter to second
Batting: RHB Joe Randa 0-0: SINGLE (Line Drive, 8LS, EV 90.0 MPH)
Brian L Hunter to third
Ryan Klesko to second
Runner from 3rd tries for Home, throw by CF and OUT! 8-2
Batting: RHB Chris Brown 0-0: Called Strike
0-1: Called Strike
0-2: Ball
1-2: Foul Ball, location: 2F
1-2: Ball
2-2: SINGLE (Line Drive, 4D, EV 96.9 MPH)
Ryan Klesko to third
Joe Randa to second
Batting: LHB Derrick May 0-0: Called Strike
0-1: Swinging Strike
0-2: Ball
1-2: Foul Ball, location: 2F
1-2: Strikes out looking
Batting: RHB Torii Hunter 0-0: Foul Ball, location: 2F
0-1: DOUBLE (Popup, 3D, EV 74.4 MPH)
Ryan Klesko scores
Joe Randa scores
Chris Brown to third
Runner from 3rd tries for Home, SAFE, throw by 1B to home
Batting: SHB Jerry Browne 0-0: Called Strike
0-1: Swinging Strike
0-2: Ball
1-2: Fly out, F8 (Line Drive, 8LD, EV 93.1 MPH)
Bottom of the 8th over - 3 runs, 3 hits, 1 error, 1 left on base; Oakland 0 - Los Angeles 6
TOP OF THE 9TH
Oakland Athletics batting - Pitching for Los Angeles Dodgers : LHP Bill Wilkinson
Batting: RHB Jay Buhner 0-0: Called Strike
0-1: Called Strike
0-2: Foul Ball, location: 2F
0-2: SOLO HOME RUN (Flyball, 7D, EV 100.6 MPH), Distance : 385 ft
Batting: LHB David Justice 0-0: Ball
1-0: Called Strike
1-1: Ball
2-1: Swinging Strike
2-2: Ball
3-2: Strikes out swinging
Pitching: LHP Bill Pulsipher
Batting: RHB Benito Santiago 0-0: Ball
1-0: SOLO HOME RUN (Flyball, 9LD, EV 92.5 MPH), Distance : 347 ft
Batting: RHB Herbert Perry 0-0: Swinging Strike
0-1: Fly out, F7 (Flyball, 78S, EV 96.3 MPH)
Batting: SHB Devon White 0-0: Swinging Strike
0-1: Ball
1-1: Ball
2-1: TRIPLE (Groundball, 5L, EV 102.5 MPH)
Batting: RHB Greg Litton 0-0: Ground out 4-3 (Groundball, 4, EV 80.0 MPH)
Top of the 9th over - 2 runs, 3 hits, 0 errors, 1 left on base; Oakland 2 - Los Angeles 6
Monday, February 9th, 2026 - OOTP Baseball 20.8 Build 74